 Dungeon Sprint DCSS version 0.30-a0-718-geaa24f58ff (webtiles) character file.

Game seed: 10133960655911895223

955 CrazyBamboolord the Grappler (level 8, -1/75 HPs)
             Began as a Ghoul Fighter on Jan 25, 2023.
             Was a Believer of Makhleb.
             Slain by a six-headed hydra (6 damage)
             ... in the Dungeon (Sprint IX: "|||||||||||||||||||||||||||||").
             The game lasted 00:02:44 (466 turns).

CrazyBamboolord the Grappler (Ghoul Fighter)         Turns: 466, Time: 00:02:44

Health: -1/75      AC: 13    Str: 25    XL:     8   Next: 14%
Magic:  9/11       EV: 11    Int:  3    God:    Makhleb [**....]
Gold:   0          SH:  5    Dex:  8    Spells: 7/7 levels left

rFire   . . .      SeeInvis .      - Unarmed
rCold   + . .      Faith    .    b - +0 buckler
rNeg    + + +      Spirit   .    l - +1 chain mail
rPois   ∞          Reflect  .    (no helmet)
rElec   .          Harm     .    k - +0 cloak
rCorr   .          Rampage  .    (no gloves)
Will    .....      NoTele   +    (no boots) Stlth
                                 (no amulet)
HPRegen 0.00/turn                m - +3 ring of strength
MPRegen 0.12/turn                n - +2 ring of evasion

@: inhibited regen
A: claws 1, cold resistance 1, negative energy resistance 3, inhibited
regeneration, torment resistance 2, devour on kill
a: Renounce Religion, Minor Destruction


You were in the Dungeon.
You worshipped Makhleb.
Makhleb was pleased with you.
You visited 1 branch

Inventory:

Armour
 b - a +0 buckler (worn)
 k - a +0 cloak (worn)
 l - a +1 chain mail (worn)
Jewellery
 m - a +3 ring of strength (left claw)
 n - a +2 ring of evasion (right claw)
Wands
 j - a wand of roots (9) (quivered)
Scrolls
 f - 2 scrolls of amnesia
 i - 2 scrolls of blinking
Potions
 d - a potion of curing
 g - 4 potions of magic
 h - a potion of berserk rage


   Skills:
 * Level 8.4 Fighting
 * Level 7.5 Armour
 * Level 4.4 Dodging
 * Level 6.9 Shields
 * Level 9.2 Unarmed Combat
 * Level 5.4 Invocations
 * Level 4.4 Evocations


You had 7 spell levels left.
You didn't know any spells.
Your spell library was empty.

Dungeon Overview and Level Annotations

Branches:
Dungeon (1/1)

Altars:
Cheibriados
Dithmenos
Fedhas
Gozag
Hepliaklqana
Kikubaaqudgha
Makhleb
Nemelex Xobeh
Okawaru
Qazlal
Ru
Sif Muna
Trog
Uskayaw
Vehumet
Wu Jian
Xom
Yredelemnul
Jiyva
Lugonu


Innate Abilities, Weirdness & Mutations

You are immune to poison.
You have sharp fingernails.
Your flesh is cold resistant. (rC+)
You are immune to negative energy. (rN+++)
You do not regenerate when monsters are visible.
You are immune to unholy pain and torment.
You thrive by killing the living.


Message History

Your Invocations skill increases to level 5!
Your Evocations skill increases to level 4!
You have reached level 8!
You mangle the six-headed hydra!!
The six-headed hydra is heavily wounded.
The six-headed hydra bites you.
The six-headed hydra closely misses you. x2
The six-headed hydra bites you but does no damage.
The six-headed hydra misses you. The six-headed hydra bites you.
You scratch the six-headed hydra.
The six-headed hydra is heavily wounded.
The six-headed hydra bites you.
You block the six-headed hydra's attack.
The six-headed hydra bites you but does no damage.
The six-headed hydra closely misses you. x2
The six-headed hydra misses you.
You scratch the six-headed hydra.
The six-headed hydra is severely wounded.
You block the six-headed hydra's attack.
The six-headed hydra closely misses you.
You block the six-headed hydra's attack.
The six-headed hydra bites you but does no damage.
The six-headed hydra bites you! The six-headed hydra bites you.
* * * LOW HITPOINT WARNING * * *
Unknown command.
You barely miss the six-headed hydra.
The six-headed hydra is severely wounded.
You carefully extract the barbed spikes from your body.
The six-headed hydra bites you!
* * * LOW HITPOINT WARNING * * *
The six-headed hydra bites you but does no damage. x3
The six-headed hydra bites you.
* * * LOW HITPOINT WARNING * * *
The six-headed hydra barely misses you.
You claw the six-headed hydra!
The six-headed hydra is severely wounded.
The six-headed hydra bites you.
* * * LOW HITPOINT WARNING * * *
The six-headed hydra bites you.
You die...

▓.▓
▓[▓
▓'▓
▓)▓
▓)▓
▓.▓
▓.▓
▓.▓
▓@▓
▓D▓
▓D▓
▓.▓
▓{▓
▓c▓
▓.▓
▓.▓


You could see a six-headed hydra, a centaur warrior and an acid dragon.

Vanquished Creatures
  A manticore (D)
  3 orc warriors (D)
  An ogre (D)
  A wight (D)
  2 killer bees (D)
  An orc priest (D)
  An iguana (D)
  An orc wizard (D)
  An adder (D)
  A goblin (D)
  2 hobgoblins (D)
  A kobold (D)
  A quokka (D)
17 creatures vanquished.

Notes
Turn   | Place    | Note
-------+----------+-------------------------------------------
     0 | D        | CrazyBamboolord the Ghoul Fighter began the quest for the
                  | Orb.
     0 | D        | Reached XP level 1. HP: 19/19 MP: 0/0
    25 | D        | Reached XP level 2. HP: 27/27 MP: 1/1
    32 | D        | Noticed an ogre
    37 | D        | Reached skill level 1 in Dodging
    37 | D        | Reached skill level 3 in Unarmed Combat
    37 | D        | Reached skill level 1 in Invocations
    37 | D        | Reached skill level 1 in Evocations
    37 | D        | Reached XP level 3. HP: 11/34 MP: 1/3
    39 | D        | Reached skill level 5 in Fighting
    39 | D        | Reached XP level 4. HP: 13/42 MP: 1/4
    53 | D        | HP: 2/42 [ogre/+0 giant club (13)]
    56 | D        | Killed an ogre
    57 | D        | Reached skill level 4 in Unarmed Combat
    57 | D        | Reached XP level 5. HP: 6/50 MP: 2/6
    60 | D        | Reached skill level 5 in Armour
    60 | D        | Reached skill level 5 in Shields
    76 | D        | Found a snail-covered altar of Cheibriados.
    76 | D        | Found a shadowy altar of Dithmenos.
    76 | D        | Found a blossoming altar of Fedhas.
    76 | D        | Found an opulent altar of Gozag.
    77 | D        | Found a hazy altar of Hepliaklqana.
    78 | D        | Found a viscous altar of Jiyva.
    79 | D        | Found an ancient bone altar of Kikubaaqudgha.
    80 | D        | Found a corrupted altar of Lugonu.
    81 | D        | Found a burning altar of Makhleb.
    82 | D        | Found a sparkling altar of Nemelex Xobeh.
    83 | D        | Found an iron altar of Okawaru.
    84 | D        | Found a stormy altar of Qazlal.
    85 | D        | Found a sacrificial altar of Ru.
    86 | D        | Found a shimmering blue altar of Sif Muna.
    87 | D        | Found a bloodstained altar of Trog.
    88 | D        | Found a hide-covered altar of Uskayaw.
    89 | D        | Became a worshipper of Makhleb the Destroyer
   216 | D        | Found a radiant altar of Vehumet.
   217 | D        | Found an ornate altar of the Wu Jian Council.
   218 | D        | Found a shimmering altar of Xom.
   219 | D        | Found a basalt altar of Yredelemnul.
   267 | D        | Noticed an orc warrior
   267 | D        | Noticed an orc warrior
   267 | D        | Noticed an orc warrior
   279 | D        | Killed an orc warrior
   280 | D        | Reached skill level 5 in Unarmed Combat
   280 | D        | Reached XP level 6. HP: 23/60 MP: 7/7
   284 | D        | Reached skill level 6 in Unarmed Combat
   303 | D        | Killed an orc warrior
   303 | D        | Reached * piety under Makhleb
   318 | D        | Killed an orc warrior
   319 | D        | Reached skill level 7 in Unarmed Combat
   319 | D        | Reached XP level 7. HP: 16/67 MP: 9/9
   333 | D        | Reached ** piety under Makhleb
   452 | D        | Noticed a manticore
   452 | D        | Noticed a six-headed hydra
   452 | D        | Noticed a centaur warrior
   461 | D        | Killed a manticore
   462 | D        | Reached skill level 9 in Unarmed Combat
   462 | D        | Reached skill level 5 in Invocations
   462 | D        | Reached XP level 8. HP: 46/75 MP: 9/11
   466 | D        | Slain by a six-headed hydra

Illustrated notes

Levels and vault maps discovered:
D:        linesprint [early_d, line_temple, items_1, d_10, items_2, lair_1,
          lair_end, items_3, orc_1, orc_end, items_4, d_15, swamp_1, shoals_1,
          snake_1, spider_1, d_20, vaults_1, items_5, swamp_end, shoals_end,
          snake_end, spider_end, vaults_end, d_27, items_6, zot_1, zot_end,
          crypt_end, forest_end, elf_end, slime_end, tomb_end, abyss_end,
          pan_hell_end]

Skill      XL: |  1  2  3  4  5  6  7 |
---------------+----------------------+-----
Armour         | 3 4 5 6 7 |  7.5
Shields        | 3 4 5 6 |  6.9
Fighting       | 4 5 6 7 8 |  8.4
Dodging        | 1 2 3 4 |  4.4
Unarmed Combat | 3 4 5 7 9 |  9.2
Invocations    | 1 2 3 4 5 |  5.4
Evocations     | 1 2 3 4 |  4.4

Action                     |  1- 3 |  4- 6 |  7- 9 || total
---------------------------+-------+-------+-------++-------
  Melee: Unarmed           |    24 |    56 |    21 ||   101
  Evoke: Wand              |       |       |     1 ||     1
    Use: Potion            |     2 |     4 |     4 ||    10
   Stab: Invisible         |       |     4 |       ||     4
 Armour: Scale mail        |     8 |     2 |       ||    10
         Chain mail        |       |     5 |    16 ||    21
  Dodge: Dodged            |     6 |    21 |    22 ||    49
  Block: Buckler           |     4 |     9 |     5 ||    18

Table legend: (Time is in decaauts)
 A = Elapsed time spent in this place.
 B = Non-inter-level travel time spent in this place.
 C = Inter-level travel time spent in this place.
 D = Time resting spent in this place.
 E = Time spent auto-exploring this place.
 F = Levels seen in this place.
 G = Mean time per level.
                   A        B        C        D        E       F      G
               +--------+--------+--------+--------+--------+-----+--------+
         Total |    440 |    440 |      0 |    242 |      0 |   1 |  440.0 |
       Dungeon |    440 |    440 |      0 |    242 |      0 |   1 |  440.0 |
               +--------+--------+--------+--------+--------+-----+--------+

Top non-repeatable levels by time:
       D: 440 daAuts
